[ PARTIDA AOE2 · #478807809 ]
UnrankedPortugueses vs Berbers
Equipo del jugador · VICT
Equipo rival · DERR
[ ANÁLISIS DE REPETICIÓN · EXTRAÍDO DE LA PARTIDA GRABADA ]
Feudal
16:47
Castillos
20:42
Imperial
25:57
| APM promedio | 14.0 |
| APM pico | 46 |
| eAPM promedio | 10.6 |
| Aldeanos / militares | 55 / 154 |
Foco
⚔️ 34.4% · 🌾 65.6%
Knight ×114 · Spearman ×25 · Mangonel ×8 · Trebuchet (Packed) ×3 · Organ Gun ×2 · Bombard Cannon ×2
Feudal
10:47
Castillos
14:47
Imperial
30:28
| APM promedio | 16.6 |
| APM pico | 39 |
| eAPM promedio | 11.5 |
| Aldeanos / militares | 116 / 124 |
Foco
⚔️ 34.1% · 🌾 65.9%
Knight ×52 · Camel Archer ×25 · Camel Scout ×9 · Bombard Cannon ×9 · Battering Ram ×8 · Monk ×7
Mapa de la partida
Recursos iniciales + cada clic de construcción. Líneas = muros · curvas = relieve. ◆ oro · ⬟ piedra · ● bayas · ✦ reliquia · ◌ hueco del cierre
Tu base· ✓ Cerrada en 20:42 · 27t muro · 3 puerta(s)
Base de Robin· ✓ Cerrada en 14:47 · 0t muro · 3 puerta(s)
Terreno inicial suavizado · ◌ = hueco del cierre detectado · pasá el cursor para detalles
Inputs por minuto
— Silklips - - Robin
Build order — Silklips
Primeras 150 de 396 acciones detectadas
| 0:01 | Investigar | Loom |
| 0:03 | Crear | Villager (Male) |
| 0:04 | Crear | Villager (Male) |
| 0:04 | Crear | Villager (Male) |
| 0:05 | Crear | Villager (Male) |
| 0:20 | Construir | House |
| 0:57 | Construir | House |
| 1:03 | Construir | House |
| 1:03 | Construir | House |
| 1:05 | Construir | House |
| 1:05 | Construir | House |
| 1:06 | Construir | House |
| 1:06 | Construir | House |
| 1:37 | Crear | Villager (Male) |
| 2:47 | Crear | Villager (Male) |
| 2:47 | Crear | Villager (Male) |
| 2:47 | Crear | Villager (Male) |
| 2:57 | Construir | House |
| 3:26 | Crear | Villager (Male) |
| 3:27 | Crear | Villager (Male) |
| 3:27 | Crear | Villager (Male) |
| 3:37 | Construir | House |
| 3:37 | Construir | House |
| 4:08 | Crear | Villager (Male) |
| 4:08 | Crear | Villager (Male) |
| 5:01 | Construir | Mining Camp |
| 5:06 | Construir | Palisade Wall |
| 5:10 | Construir | Palisade Wall |
| 5:14 | Construir | Palisade Wall |
| 5:23 | Crear | Villager (Male) |
| 5:24 | Crear | Villager (Male) |
| 5:25 | Crear | Villager (Male) |
| 5:39 | Crear | Villager (Male) |
| 5:40 | Crear | Villager (Male) |
| 5:59 | Crear | Villager (Male) |
| 7:13 | Crear | Villager (Male) |
| 7:22 | Construir | Mill |
| 7:50 | Crear | Villager (Male) |
| 8:16 | Crear | Villager (Male) |
| 8:38 | Crear | Villager (Male) |
| 8:54 | Construir | Lumber Camp |
| 9:14 | Crear | Villager (Male) |
| 9:21 | Construir | Mining Camp |
| 9:42 | Crear | Villager (Male) |
| 9:54 | Crear | Villager (Male) |
| 10:06 | Construir | Mill |
| 10:16 | Crear | Villager (Male) |
| 10:26 | Crear | Villager (Male) |
| 10:39 | Crear | Villager (Male) |
| 11:42 | Crear | Villager (Male) |
| 12:04 | Crear | Villager (Male) |
| 12:09 | Construir | Farm |
| 12:16 | Construir | Farm |
| 12:40 | Crear | Villager (Male) |
| 12:44 | Construir | Farm |
| 13:09 | Crear | Villager (Male) |
| 13:47 | Crear | Villager (Male) |
| 13:56 | Crear | Villager (Male) |
| 13:57 | Investigar | Feudal Age |
| 13:57 | Investigar | Feudal Age |
| 14:13 | Construir | Palisade Wall |
| 14:18 | Construir | Palisade Wall |
| 14:18 | Construir | Palisade Wall |
| 14:28 | Construir | Palisade Wall |
| 16:12 | Crear | Villager (Male) |
| 16:16 | Crear | Villager (Male) |
| 16:33 | Construir | Farm |
| 16:33 | Construir | Farm |
| 16:35 | Construir | Farm |
| 16:35 | Construir | Farm |
| 16:37 | Construir | Farm |
| 16:37 | Construir | Farm |
| 16:41 | Construir | Farm |
| 16:41 | Construir | Farm |
| 16:47 | Edad | Edad Feudal |
| 16:49 | Investigar | Horse Collar |
| 17:00 | Construir | Market |
| 17:08 | Construir | Blacksmith |
| 17:11 | Crear | Villager (Male) |
| 17:14 | Crear | Villager (Male) |
| 17:53 | Investigar | Castle Age |
| 18:12 | Construir | Stone Wall |
| 18:26 | Crear | Villager (Male) |
| 18:30 | Construir | Farm |
| 18:33 | Construir | Farm |
| 18:35 | Construir | Farm |
| 18:35 | Construir | Farm |
| 18:36 | Construir | Farm |
| 18:36 | Construir | Farm |
| 18:40 | Crear | Villager (Male) |
| 18:46 | Construir | Mining Camp |
| 19:29 | Construir | Farm |
| 19:31 | Construir | Farm |
| 19:31 | Construir | Farm |
| 19:33 | Construir | Farm |
| 19:35 | Construir | Farm |
| 19:35 | Construir | Farm |
| 19:36 | Construir | Farm |
| 19:36 | Construir | Farm |
| 19:38 | Construir | Farm |
| 19:38 | Construir | Farm |
| 19:54 | Crear | Villager (Male) |
| 20:12 | Crear | Villager (Male) |
| 20:42 | Edad | Edad de los Castillos |
| 21:05 | Construir | Siege Workshop |
| 21:12 | Crear | Villager (Male) |
| 21:34 | Construir | Monastery |
| 21:34 | Construir | Monastery |
| 21:43 | Crear | Villager (Male) |
| 22:10 | Crear | Villager (Male) |
| 22:28 | Construir | Castle |
| 22:41 | Investigar | Imperial Age |
| 22:59 | Construir | Palisade Wall |
| 23:06 | Construir | Stone Wall |
| 23:16 | Construir | Gate |
| 23:42 | Construir | Mining Camp |
| 23:54 | Construir | Stone Wall |
| 24:14 | Crear | Villager (Male) |
| 24:20 | Construir | Stone Wall |
| 24:26 | Crear | Villager (Male) |
| 24:33 | Investigar | Double-Bit Axe |
| 24:50 | Investigar | Fletching |
| 24:57 | Crear | Villager (Male) |
| 25:01 | Investigar | Gold Mining |
| 25:01 | Investigar | Gold Mining |
| 25:10 | Investigar | Stone Mining |
| 25:21 | Construir | Stone Wall |
| 25:57 | Edad | Edad Imperial |
| 26:08 | Crear | Trebuchet (Packed) |
| 26:13 | Crear | Villager (Male) |
| 26:46 | Construir | Feitoria |
| 26:50 | Crear | Villager (Male) |
| 26:55 | Construir | House |
| 26:58 | Construir | House |
| 26:58 | Construir | House |
| 27:00 | Construir | House |
| 27:01 | Construir | House |
| 27:01 | Construir | House |
| 27:16 | Construir | House |
| 27:18 | Construir | House |
| 27:20 | Construir | House |
| 27:20 | Construir | House |
| 27:22 | Construir | House |
| 27:22 | Construir | House |
| 27:38 | Crear | Trebuchet (Packed) |
| 27:43 | Crear | Villager (Male) |
| 28:05 | Crear | Villager (Male) |
| 28:19 | Crear | Mangonel |
| 28:29 | Crear | Villager (Male) |
| 28:43 | Investigar | Bodkin Arrow |
Build order — Robin
Primeras 150 de 400 acciones detectadas
| 0:00 | Crear | Villager (Male) |
| 0:01 | Crear | Villager (Male) |
| 0:03 | Construir | House |
| 0:05 | Construir | House |
| 0:15 | Crear | Villager (Male) |
| 0:15 | Crear | Villager (Male) |
| 1:42 | Crear | Villager (Male) |
| 1:47 | Construir | Lumber Camp |
| 2:01 | Crear | Villager (Male) |
| 2:24 | Crear | Villager (Male) |
| 2:57 | Crear | Villager (Male) |
| 3:05 | Crear | Villager (Male) |
| 3:30 | Construir | House |
| 3:39 | Crear | Villager (Male) |
| 3:39 | Crear | Villager (Male) |
| 4:14 | Crear | Villager (Male) |
| 4:46 | Construir | Mill |
| 5:16 | Crear | Villager (Male) |
| 5:16 | Crear | Villager (Male) |
| 5:32 | Construir | Mill |
| 5:52 | Construir | Mill |
| 6:01 | Construir | House |
| 6:07 | Crear | Villager (Male) |
| 6:08 | Crear | Villager (Male) |
| 6:24 | Crear | Villager (Male) |
| 7:03 | Crear | Villager (Male) |
| 7:21 | Crear | Villager (Male) |
| 7:22 | Crear | Villager (Male) |
| 8:27 | Investigar | Feudal Age |
| 9:06 | Construir | House |
| 9:53 | Construir | Mining Camp |
| 10:17 | Crear | Villager (Male) |
| 10:18 | Crear | Villager (Male) |
| 10:47 | Edad | Edad Feudal |
| 10:51 | Construir | Blacksmith |
| 11:13 | Construir | Market |
| 12:07 | Investigar | Castle Age |
| 12:20 | Construir | Mining Camp |
| 12:36 | Construir | Farm |
| 12:37 | Construir | Farm |
| 12:48 | Investigar | Double-Bit Axe |
| 12:54 | Construir | Farm |
| 13:40 | Construir | House |
| 13:41 | Construir | House |
| 13:51 | Investigar | Loom |
| 14:04 | Crear | Villager (Male) |
| 14:07 | Crear | Villager (Male) |
| 14:47 | Edad | Edad de los Castillos |
| 15:33 | Crear | Villager (Male) |
| 15:41 | Construir | Farm |
| 16:08 | Construir | Castle |
| 16:22 | Construir | Farm |
| 16:23 | Construir | Farm |
| 16:23 | Construir | Farm |
| 16:25 | Investigar | Fletching |
| 16:32 | Construir | Farm |
| 16:38 | Crear | Villager (Male) |
| 16:56 | Construir | Mining Camp |
| 17:11 | Crear | Villager (Male) |
| 17:49 | Crear | Petard |
| 18:02 | Construir | Farm |
| 18:02 | Construir | Farm |
| 18:03 | Construir | Farm |
| 18:11 | Crear | Villager (Male) |
| 18:31 | Crear | Camel Archer |
| 19:16 | Construir | Farm |
| 19:21 | Crear | Villager (Male) |
| 19:22 | Crear | Villager (Male) |
| 19:26 | Crear | Petard |
| 20:08 | Crear | Villager (Male) |
| 20:09 | Crear | Villager (Male) |
| 20:27 | Crear | Petard |
| 20:31 | Crear | Camel Archer |
| 20:32 | Crear | Camel Archer |
| 20:33 | Crear | Camel Archer |
| 20:38 | Crear | Villager (Male) |
| 20:40 | Crear | Villager (Male) |
| 21:07 | Crear | Petard |
| 21:08 | Crear | Camel Archer |
| 21:08 | Crear | Camel Archer |
| 21:08 | Crear | Camel Archer |
| 21:12 | Construir | Farm |
| 21:39 | Crear | Villager (Male) |
| 21:40 | Crear | Villager (Male) |
| 23:26 | Construir | Castle |
| 23:37 | Crear | Villager (Male) |
| 23:37 | Crear | Villager (Male) |
| 23:38 | Investigar | Wheelbarrow |
| 24:13 | Construir | Farm |
| 24:14 | Construir | Farm |
| 24:14 | Construir | Farm |
| 24:30 | Construir | Mining Camp |
| 24:37 | Construir | Mining Camp |
| 24:47 | Construir | Farm |
| 27:18 | Investigar | Imperial Age |
| 27:53 | Crear | Camel Archer |
| 28:13 | Crear | Camel Archer |
| 28:48 | Crear | Camel Archer |
| 28:52 | Crear | Camel Archer |
| 29:24 | Crear | Petard |
| 29:25 | Crear | Petard |
| 30:28 | Edad | Edad Imperial |
| 30:45 | Crear | Trebuchet (Packed) |
| 30:46 | Crear | Trebuchet (Packed) |
| 31:09 | Crear | Camel Archer |
| 31:30 | Crear | Villager (Male) |
| 31:30 | Crear | Villager (Male) |
| 31:30 | Crear | Villager (Male) |
| 31:30 | Crear | Villager (Male) |
| 31:31 | Crear | Villager (Male) |
| 32:19 | Crear | Camel Archer |
| 33:37 | Crear | Villager (Male) |
| 33:37 | Crear | Villager (Male) |
| 33:39 | Construir | House |
| 33:41 | Construir | House |
| 34:00 | Construir | House |
| 34:01 | Construir | House |
| 34:02 | Construir | House |
| 34:03 | Construir | House |
| 34:41 | Crear | Villager (Male) |
| 34:41 | Crear | Villager (Male) |
| 34:53 | Construir | Monastery |
| 35:06 | Construir | Siege Workshop |
| 35:12 | Construir | Monastery |
| 35:18 | Construir | Siege Workshop |
| 35:29 | Crear | Villager (Male) |
| 35:48 | Construir | Mining Camp |
| 35:56 | Crear | Monk |
| 36:08 | Crear | Monk |
| 36:26 | Investigar | Redemption |
| 36:30 | Crear | Villager (Male) |
| 36:30 | Crear | Villager (Male) |
| 36:31 | Crear | Villager (Male) |
| 36:31 | Crear | Villager (Male) |
| 36:38 | Construir | Town Center |
| 36:45 | Investigar | Bow Saw |
| 36:47 | Investigar | Horse Collar |
| 37:15 | Crear | Monk |
| 37:53 | Crear | Monk |
| 37:53 | Crear | Monk |
| 38:04 | Investigar | Hand Cart |
| 38:15 | Crear | Battering Ram |
| 38:15 | Crear | Battering Ram |
| 38:21 | Crear | Villager (Male) |
| 38:21 | Crear | Villager (Male) |
| 38:39 | Investigar | Fervor |
| 38:59 | Crear | Villager (Male) |
| 38:59 | Crear | Villager (Male) |
| 39:39 | Crear | Battering Ram |
| 39:40 | Crear | Battering Ram |
Cronología de la partida
| 5:06 | Silklips · wall_segment Palisade Wall x4 |
| 5:10 | Silklips · wall_segment Palisade Wall x3 |
| 5:14 | Silklips · wall_segment Palisade Wall x9 |
| 10:47 | Robin · age_up feudal |
| 14:13 | Silklips · wall_segment Palisade Wall x1 |
| 14:18 | Silklips · wall_segment Palisade Wall x1 |
| 14:18 | Silklips · wall_segment Palisade Wall x1 |
| 14:28 | Silklips · wall_segment Palisade Wall x1 |
| 14:47 | Robin · age_up castle |
| 16:08 | Robin · first_building Castle |
| 16:47 | Silklips · age_up feudal |
| 17:47 | Silklips · first_market_buy 100 food |
| 18:12 | Silklips · wall_segment Stone Wall x9 |
| 20:42 | Silklips · age_up castle |
| 21:05 | Silklips · first_building Siege Workshop |
| 21:34 | Silklips · first_building Monastery |
| 22:28 | Silklips · first_building Castle |
| 22:59 | Silklips · wall_segment Palisade Wall x1 |
| 23:06 | Silklips · wall_segment Stone Wall x1 |
| 23:54 | Silklips · wall_segment Stone Wall x2 |
| 24:20 | Silklips · wall_segment Stone Wall x4 |
| 25:21 | Silklips · wall_segment Stone Wall x4 |
| 25:57 | Silklips · age_up imperial |
| 26:28 | Robin · first_market_sell 100 stone |
| 26:46 | Robin · first_market_buy 100 food |
| 27:33 | Silklips · first_market_sell 100 food |
| 30:28 | Robin · age_up imperial |
| 33:02 | Silklips · first_building Barracks |
| 34:53 | Robin · first_building Monastery |
| 35:06 | Robin · first_building Siege Workshop |
| 39:02 | Silklips · wall_segment Stone Wall x12 |
| 40:03 | Silklips · first_building Stable |
| 41:28 | Silklips · wall_segment Palisade Wall x1 |
| 41:28 | Silklips · wall_segment Palisade Wall x1 |
| 42:53 | Silklips · wall_segment Stone Wall x11 |
| 45:47 | Robin · first_building Barracks |
| 47:23 | Robin · first_building Stable |
| 51:01 | Silklips · wall_segment Stone Wall x6 |
| 51:08 | Silklips · wall_segment Stone Wall x26 |
| 65:34 | Robin · resign |
[ ANÁLISIS IA · 1 CRÉDITO ]
¿Qué pasó realmente en esta partida?
Wolo.gg analiza cada decisión: build order, eco, micro, errores típicos por bracket. Análisis personalizado por WhatsApp o Discord en 30 segundos.
Guía civ
Portugueses
Perfil
Jugador #1809202